 Dungeon Crawl Stone Soup version 0.21.1-1-g345015f (webtiles) character file.

590 Kagorn the Skirmisher (level 7, -5/74 HPs)
             Began as an Ogre Berserker on June 5, 2018.
             Was a Believer of Trog.
             Slain by a hound (6 damage)
             ... on level 4 of the Dungeon.
             The game lasted 00:29:07 (3046 turns).

Kagorn the Skirmisher (Ogre Berserker)              Turns: 3046, Time: 00:29:07

Health: -5/74      AC:  3    Str: 22    XL:     7   Next: 39%
Magic:  7/7        EV: 10    Int:  8    God:    Trog [**....]
Gold:   209        SH:  0    Dex: 10    Spells: 6/6 levels left

rFire    + . .     SeeInvis .   t - +0 giant spiked club
rCold    . . .     Gourm    +   (shield currently unavailable)
rNeg     . . .     Faith    .   b - +0 animal skin
rPois    .         Spirit   .   (helmet restricted)
rElec    .         Reflect  .   (no cloak)
rCorr    +         Harm     .   (gloves unavailable)
MR       .....                  (boots unavailable)
Stlth    ++........             k - amulet of the gourmand
HPRegen  0.22/turn              m - ring of protection from fire
MPRegen  0.10/turn              f - ring of resist corrosion

@: berserk cooldown, slowed, drained, invisible, very slow
A: large, unfitting armour, tough skin 1
a: Berserk, Trog's Hand, Burn Spellbooks, Renounce Religion


You were on level 4 of the Dungeon.
You worshipped Trog.
Trog was pleased with you.
You were very full.

You visited 1 branch of the dungeon, and saw 4 of its levels.

You collected 209 gold pieces.

Inventory:

Hand Weapons
 h - a +3 dagger of speed
 n - a +0 short sword of draining
 o - a +0 rapier
 t - a +0 giant spiked club (weapon)
Armour
 b - a +0 animal skin (worn)
Jewellery
 f - a ring of resist corrosion (right hand)
 k - an amulet of the gourmand (around neck)
 m - a ring of protection from fire (left hand)
Wands
 q - a wand of random effects (24)
Scrolls
 a - a scroll of teleportation {unknown}
 d - a scroll of fear {unknown}
 l - a scroll of fog {unknown}
 p - 3 scrolls of identify
 r - a scroll of remove curse {unknown}
Potions
 e - a potion of flight
 i - 4 potions of haste
 j - a potion of mutation {unknown}
Comestibles
 c - 8 rations


   Skills:
 + Level 5.6(4.7) Fighting
 + Level 2.6 Short Blades
   Level 3.3(2.9) Long Blades
 + Level 0.2(0.0) Maces & Flails
 * Level 2.4(1.5) Armour
 + Level 4.0(3.1) Dodging
 * Level 2.5(1.7) Stealth


You had 6 spell levels left.
You didn't know any spells.

Dungeon Overview and Level Annotations

Branches:
Dungeon (4/15)
 Temple: D:4-7

Altars:


Innate Abilities, Weirdness & Mutations

You are too large for most types of armour.
You have tough skin. (AC +1)


Message History

Your skin stops crawling.
You feel less resistant to hostile enchantments.
The hound bites you. Something hits you. The orc hits you.
The hound bites you but does no damage. The orc hits you but does no damage.
Something hits you.
* * * LOW HITPOINT WARNING * * *
The orc hits you from afar with a trident!
* * * LOW HITPOINT WARNING * * *
The hound barely misses you. The orc hits you but does no damage.
The orc hits you.
* * * LOW HITPOINT WARNING * * *
You hear some strange, mumbled words.
A magic dart appears from out of thin air!
The magic dart hits you!
* * * LOW HITPOINT WARNING * * *
You can move again.
It was a potion of invisibility.
You fade into invisibility!
The hound bites you.
You die...

#....#...#.......≈....≈
#....##+##.......≈..≈≈.
#..........###....≈≈...
#..........#.........⌠≈
#..........#........≈≈⌠
#..........#.......≈...
#..........#.......≈..≈
#....oo....'........≈≈.
#...oh@....###.........
#...o)###### #.........
#...oo #..###≈≈≈≈
#....! #...###≈≈≈
#..... #....'####
#..... #....#....
#..... +....#....
#..... ####.#....
#####'#


You could see a hound and 6 orcs.

Vanquished Creatures
  The ghost of theblackcape the Skirmisher, an amateur DsWn of Cheibriados (D:3)
  An ogre (D:4)
  2 orc priests (D:4)
  Jessica (D:3)
  A hound zombie (D:3)
  Robin (D:2)
  5 adders
  4 gnolls (D:2)
  A shadow imp (D:4)
  2 oozes
  A worm (D:4)
  A dart slug (D:4)
  3 leopard geckos
  4 orcs
  5 giant cockroaches
  16 goblins
  8 hobgoblins
  4 jackals
  5 kobolds
  2 quokkas
  6 bats
  2 frilled lizards (D:2)
  A quokka skeleton (D:4)
  6 rats
83 creatures vanquished.

Notes
Turn   | Place    | Note
-------+----------+-------------------------------------------
     0 | D:1      | Kagorn the Ogre Berserker began the quest for the Orb.
     0 | D:1      | Reached XP level 1. HP: 24/24 MP: 1/1
   146 | D:1      | Reached XP level 2. HP: 11/32 MP: 2/2
   690 | D:2      | Reached XP level 3. HP: 29/40 MP: 3/3
   758 | D:2      | Reached XP level 4. HP: 8/49 MP: 4/4
   760 | D:2      | HP: 3/73 [gnoll/spear (6)]
   764 | D:2      | Reached skill level 1 in Armour
   764 | D:2      | Reached skill level 1 in Stealth
  1136 | D:2      | Reached ** piety under Trog
  1324 | D:2      | Reached XP level 5. HP: 48/55 MP: 5/5
  1502 | D:2      | Noticed Robin
  1511 | D:2      | Killed Robin
  1747 | D:3      | Noticed Jessica
  1755 | D:3      | Killed Jessica
  1755 | D:3      | Reached skill level 5 in Fighting
  1798 | D:3      | Noticed theblackcape's ghost (amateur DsWn)
  1808 | D:3      | Killed theblackcape's ghost
  1808 | D:3      | Reached skill level 1 in Short Blades
  1808 | D:3      | Reached XP level 6. HP: 48/66 MP: 6/6
  2679 | D:4      | Reached XP level 7. HP: 66/72 MP: 7/7
  3045 | D:4      | HP: 1/74 [something/magic dart (4)]
  3046 | D:4      | Slain by a hound

Skill      XL: |  1  2  3  4  5  6  7 |
---------------+----------------------+-----
Long Blades    | 3 |  3.3
Dodging        | 3 4 |  4.0
Armour         | 1 2 |  2.4
Stealth        | 1 2 |  2.5
Fighting       | 5 |  5.6
Short Blades   | 1 2 |  2.6
Maces & Flails | |  0.2

Action                   |  1- 3 |  4- 6 |  7- 9 || total
-------------------------+-------+-------+-------++-------
Melee: Falchion          |    79 |     5 |       ||    84
       Short sword       |       |   142 |    15 ||   157
       Giant spiked club |       |       |    20 ||    20
Invok: Berserk           |     1 |     3 |     1 ||     5
       Trog's Hand       |       |     3 |     1 ||     4
  Use: Potion            |     4 |     2 |     1 ||     7
       Scroll            |       |     5 |       ||     5
 Stab: Sleeping          |       |     4 |       ||     4
  Eat: Chunk             |    10 |    13 |     2 ||    25
Armor: Animal skin       |    22 |    29 |    12 ||    63
Dodge: Dodged            |    49 |    89 |    36 ||   174
       Rpst.: Falchion   |    19 |       |       ||    19
